 Dungeon Crawl Stone Soup version 0.21-a0-278-ga722497 (webtiles) character file.

256 terra52 the Skirmisher (level 6, -4/51 HPs)
             Began as a Formicid Arcane Marksman on Sept 23, 2017.
             Was an Initiate of Gozag.
             Slain by a worm (8 damage)
             ... on level 4 of the Dungeon.
             The game lasted 00:08:16 (2890 turns).

terra52 the Skirmisher (Formicid Arcane Marksman)   Turns: 2890, Time: 00:08:17

Health: -4/51      AC:  5    Str: 16    XL:     6   Next: 39%
Magic:  4/7        EV: 11    Int: 13    God:    Gozag
Gold:   151        SH:  0    Dex: 11    Spells: 4/7 levels left

rFire    . . .     SeeInvis +   u - -2 war axe (curse)
rCold    . . .     Gourm    .   (no shield)
rNeg     . . .     Faith    .   h - +0 ring mail
rPois    .         Spirit   .   (helmet unavailable)
rElec    .         Reflect  .   (no cloak)
rCorr    .         Harm     .   (no gloves)
MR       .....                  (no boots)
Stlth    +.........             (no amulet)
HPRegen  0.17/turn              (no ring)
MPRegen  0.10/turn              (no ring)

@: no status effects
A: permanent stasis, dig shafts and tunnels, four strong arms, antennae 3
a: Dig, Shaft Self, Potion Petition, Call Merchant, Bribe Branch, Renounce
Religion


You were on level 4 of the Dungeon.
You worshipped Gozag.
Gozag was aware of your devotion.
You were hungry.

You visited 2 branches of the dungeon, and saw 5 of its levels.

You collected 249 gold pieces.
You paid 98 gold pieces to Gozag.

Inventory:

Hand Weapons
 a - a +0 hand crossbow
 b - a +0 hand axe
 o - a +0 short sword
 p - a +1 short sword of venom
 s - a +0 dagger of draining
 u - a cursed -2 war axe (weapon)
Missiles
 d - 67 bolts
Armour
 e - a +0 robe
 h - a +0 ring mail (worn)
Wands
 w - a wand of lightning (6/15)
Scrolls
 j - 2 scrolls of identify
 n - 2 scrolls of blinking
 q - a scroll of noise
Potions
 g - 2 potions of haste {unknown}
 k - 4 potions of curing {unknown}
 l - 2 potions of heal wounds {unknown}
 r - a potion of flight {unknown}
 t - a potion of brilliance {unknown}
Books
 c - a book of Debilitation

   Spells                             Type                      Level
   a - Corona                         Hexes                        1
   b - Slow                           Hexes                        2
   c - Inner Flame                    Hexes/Fire                   3
   d - Portal Projectile              Hexes/Translocation          3
   e - Cause Fear                     Hexes                        4
   f - Leda's Liquefaction            Hexes/Earth                  4
 v - a book of Cantrips

   Spells                             Type                      Level
   a - Confusing Touch                Hexes                        1
   b - Animate Skeleton               Necromancy                   1
   c - Summon Small Mammal            Summoning                    1
   d - Apportation                    Translocation                1
Comestibles
 f - 4 bread rations
 i - 2 meat rations


   Skills:
 * Level 5.0 Fighting
 - Level 2.0 Crossbows
 + Level 3.7 Armour
 - Level 1.7 Dodging
 - Level 0.3 Stealth
 - Level 0.6 Unarmed Combat
 - Level 1.1 Spellcasting
 - Level 3.6 Hexes


You had 4 spell levels left.
You knew the following spells:

 Your Spells              Type           Power        Failure   Level  Hunger
a - Corona                Hex            ##.....      11%         1    ##.....
b - Slow                  Hex            ##......     17%         2    ###....


Dungeon Overview and Level Annotations

Branches:
Dungeon (4/15)             Temple (1/1) D:4

Altars:
Fedhas
Gozag
Kikubaaqudgha
Makhleb
Qazlal
Xom

Annotations:
D:4 Ijyb


Innate Abilities, Weirdness & Mutations

You cannot be hasted, slowed, berserked, paralysed or teleported.
You can dig through walls and to a lower floor.
Your four strong arms can wield two-handed weapons with a shield.
You have a pair of large antennae on your head. (SInv)


Message History

* * * LOW HITPOINT WARNING * * *
You hit the worm.
The worm is heavily wounded.
The worm bites you.
* * * LOW HITPOINT WARNING * * *
You hit the worm.
The worm is almost dead.
The worm barely misses you.
You barely miss the worm.
The worm is severely wounded.
The worm closely misses you.
You hit the worm.
The worm is severely wounded.
The worm bites you but does no damage.
Your magical contamination has completely faded away.
You hit the worm but do no damage.
The worm is severely wounded.
The worm bites you!
You die...
Your body crumbles into a pile of gold.

#### #####..# #......# .
##.####.# #^###..## #.#
#)......#
#.#############...
####..#.###.##.w@.........#
#....##...[....############
..#.........#...#####
....#####..####.)...###
..###
##..#########...#######..
#...#
#..#........###..........
###.# #.##........#
#########..
#.###.##........# { {
#.....##........# {


You could see a worm.

Vanquished Creatures
  An ogre (D:4)
  A hound (D:4)
  A jelly (D:3)
  An iguana (D:4)
  2 adders
  An ooze (D:2)
  3 worms
  4 dart slugs
  6 leopard geckos
  3 ball pythons
  5 goblins
  5 hobgoblins
  8 kobolds
  5 bats
  5 frilled lizards
  3 rats
54 creatures vanquished.

Notes
Turn   | Place    | Note
-------+----------+-------------------------------------------
     0 | D:1      | terra52 the Formicid Arcane Marksman began the quest for the Orb.
     0 | D:1      | Reached XP level 1. HP: 15/15 MP: 2/2
   163 | D:1      | Reached XP level 2. HP: 12/21 MP: 3/3
   271 | D:1      | Reached skill level 1 in Armour
   432 | D:1      | Found a shimmering altar of Xom.
   681 | D:2      | Reached skill level 2 in Fighting
   681 | D:2      | Reached XP level 3. HP: 19/27 MP: 0/4
   692 | D:2      | Learned a level 2 spell: Slow
  1372 | D:2      | Reached XP level 4. HP: 34/34 MP: 5/5
  1555 | D:3      | Reached skill level 3 in Fighting
  1727 | D:3      | Reached XP level 5. HP: 3/41 MP: 6/6
  2433 | D:4      | Reached skill level 4 in Fighting
  2710 | D:4      | Found a staircase to the Ecumenical Temple.
  2716 | D:4      | Noticed Ijyb
  2719 | Temple   | Entered the Ecumenical Temple
  2742 | Temple   | Became a worshipper of Gozag Ym Sagoz the Greedy
  2823 | D:4      | Noticed an ogre
  2839 | D:4      | Killed an ogre
  2839 | D:4      | Reached skill level 5 in Fighting
  2839 | D:4      | Reached XP level 6. HP: 28/51 MP: 2/7
  2890 | D:4      | Slain by a worm

Vault maps used:
D:1:      eino_arrival_water_star, xom_teletrap_fun
D:2:      minmay_split_cup_small
D:3:      first_bread
D:4:      marbit_many_paths, minmay_temple_entry_junction_2,
          minmay_divided_ellipse, uniq_pikel, uniq_grinder, uniq_ijyb
Temple:   zaba_magenta_temple

Skill      XL: |  1  2  3  4  5 |
---------------+----------------+-----
Armour         | 1 2 3 |  3.7
Fighting       | 2 3 5 |  5.0
Crossbows      | |  2.0
Dodging        | |  1.7
Stealth        | |  0.3
Unarmed Combat | |  0.6
Spellcasting   | |  1.1
Hexes          | |  3.6

Action                   |  1- 3 |  4- 6 || total
-------------------------+-------+-------++-------
Melee: Unarmed           |    37 |       ||    37
       Hand axe          |    47 |       ||    47
       Short sword       |    43 |       ||    43
       Dagger            |     8 |    60 ||    68
       War axe           |       |    77 ||    77
       Punch             |       |     1 ||     1
 Fire: Hand crossbow     |     2 |       ||     2
 Cast: Corona            |     3 |       ||     3
       Slow              |     6 |    13 ||    19
Evoke: Wand              |       |     3 ||     3
  Use: Scroll            |       |     6 ||     6
  Eat: Chunk             |     2 |     6 ||     8
Armor: Robe              |     7 |       ||     7
       Ring mail         |    55 |    41 ||    96
Dodge: Dodged            |    88 |    91 ||   179

Table legend:
 A = Spawn XP
 B = Non-spawn XP
 C = Spawn XP percentage of total XP
 D = Spawn monster count
 E = Non-spawn monster count
 F = Spawn count percentage of total count
 G = Total turns spent on level
                    A         B        C        D         E        F      G
               +---------+---------+-------+---------+---------+-------+---------
         Total |       0 |     367 |   0.0 |       0 |      54 |   0.0 |  2890
               +---------+---------+-------+---------+---------+-------+---------
           D:1 |       0 |      23 |   0.0 |       0 |      15 |   0.0 |   641
           D:2 |       0 |      65 |   0.0 |       0 |      23 |   0.0 |   857
           D:3 |       0 |      81 |   0.0 |       0 |      12 |   0.0 |   888
           D:4 |       0 |     198 |   0.0 |       0 |       4 |   0.0 |   463
               +---------+---------+-------+---------+---------+-------+---------
